 Dungeon Crawl Stone Soup version 0.22-a0-32-ga749362bc3 (webtiles) character file.

102 Kaname the Conjurer (level 4, 0/30 HPs)
             Began as a Demonspawn Wizard on Jan 3, 2018.
             Slain by Robin
             ... wielding a +0 short sword
              (1 damage)
             ... on level 1 of the Dungeon.
             The game lasted 00:04:43 (1451 turns).

Kaname the Conjurer (Demonspawn Wizard)             Turns: 1451, Time: 00:04:44

Health: 0/30       AC:  3    Str:  4 (7)  XL:     4   Next: 50%
Magic:  0/8        EV: 17    Int: 20 (21) God:
Gold:   79         SH:  0    Dex: 15 (16) Spells: 0/9 levels left

rFire    . . .     SeeInvis .   i - +2 dagger (freeze)
rCold    . . .     Gourm    .   (no shield)
rNeg     . . .     Faith    .   a - +0 robe
rPois    .         Spirit   .   b - +0 hat
rElec    .         Reflect  .   (no cloak)
rCorr    .         Harm     .   e - +0 pair of gloves
MR       .....                  (no boots)
Stlth    +++.......             (no amulet)
HPRegen  0.10/turn              (no ring)
MPRegen  0.11/turn              (no ring)

@: agile, hasted, very quick
A: horns 1
a: no special abilities


You were on level 1 of the Dungeon.
You were not hungry.

You visited 1 branch of the dungeon, and saw 2 of its levels.

You collected 79 gold pieces.

Inventory:

Hand Weapons
 i - a +2 dagger of freezing (weapon)
Armour
 a - a +0 robe (worn)
 b - a +0 hat (worn)
 e - a +0 pair of gloves (worn)
Scrolls
 g - 2 scrolls of remove curse {unknown}
 h - 2 scrolls of identify {unknown}
 j - 2 scrolls of enchant weapon {unknown}
 k - a scroll of immolation {unknown}
 o - 4 scrolls of teleportation {unknown}
Potions
 f - a potion of invisibility {unknown}
Comestibles
 d - 2 rations


   Skills:
 - Level 1.7 Dodging
 - Level 1.7 Stealth
 - Level 3.0 Spellcasting
 + Level 4.1 Conjurations
   Level 1.0 Summonings
 - Level 1.1 Translocations
 - Level 1.0 Poison Magic


You couldn't memorise any spells.
You knew the following spells:

 Your Spells              Type           Power        Failure   Level  Hunger
a - Magic Dart            Conj           ###.         2%          1    None
b - Blink                 Tloc           N/A          14%         2    ##.....
c - Mephitic Cloud        Conj/Pois/Air  #.......     22%         3    ###....
d - Conjure Flame         Conj/Fire      ##......     19%         3    ###....


Dungeon Overview and Level Annotations

Branches:
Dungeon (2/15)

Altars:
Xom

Annotations:
D:1 Robin


Innate Abilities, Weirdness & Mutations

You have a pair of small horns on your head.


Message History

You kill the goblin!
Robin hits you with a short sword.
* * * LOW HITPOINT WARNING * * *
Robin says, "My army is invincible!"
Robin throws the goblin at you!
Items here: ( )) † an uncursed club; an uncursed hunting sling; 20 stones; a goblin corpse It was a potion of degeneration.
There was something very wrong with that liquid.
You feel weakened.
You feel dopey.
You feel clumsy. The goblin hits you with a dagger.
* * * LOW HITPOINT WARNING * * *
It was a potion of agility.
You feel agile all of a sudden. The goblin hits you with a dagger.
* * * LOW HITPOINT WARNING * * *
Robin closely misses you.
It was a potion of haste.
You feel yourself speed up. The goblin misses you.
Robin hits you with a short sword.
You die...

.##....###..................#
#.#
.#......#(..................#
#.#
..........###.###...#..####.#
#.# ####..#####
#.#####.#..#....# #.# ####..#
#..........#.##.# #.# ......#
#######.##.#.##.# #.. ####..#
### #.##.#.##.# ### ##
#..###.#########.##.#.##.# #
.# #..##.#.....g@g..##.#.##.#
# .#
#..##...###########.#.##.# #
.# #.......####.....##.#.##.#
# .#
##.##..(.....##.....#.##.# #
.# #.#####.#.(.##..####.##.#
# .#
#.#####.#.##.)..####.##.# #
.# #.......#.##....#....##.#
# .#
#########....####.#####.#####
.# ###### #.# #......


You could see Robin and a goblin.

Vanquished Creatures
  Jessica (D:2)
  An adder (D:2)
  An ooze (D:1)
  A worm (D:2)
  A dart slug (D:2)
  2 leopard geckos (D:2)
  10 bats
  3 giant cockroaches
  14 goblins
  2 hobgoblins
  6 jackals
  A quokka (D:2)
  2 frilled lizards
  3 kobolds
  2 rats
50 creatures vanquished.

Notes
Turn   | Place    | Note
-------+----------+-------------------------------------------
     0 | D:1      | Kaname the Demonspawn Wizard began the quest for the Orb.
     0 | D:1      | Reached XP level 1. HP: 13/13 MP: 4/4
   357 | D:1      | Reached skill level 2 in Conjurations
   366 | D:1      | Gained mutation: You have a pair of small horns on your head. [demonic ancestry]
   366 | D:1      | Reached XP level 2. HP: 19/19 MP: 1/6
   884 | D:2      | Reached skill level 3 in Conjurations
   888 | D:2      | Learned a level 2 spell: Blink
   905 | D:2      | Reached XP level 3. HP: 24/24 MP: 3/7
   907 | D:2      | Reached skill level 1 in Translocations
   911 | D:2      | Noticed Robin
   931 | D:1      | Learned a level 3 spell: Mephitic Cloud
   986 | D:2      | Reached skill level 1 in Poison Magic
  1112 | D:2      | Noticed Jessica
  1134 | D:2      | Killed Jessica
  1134 | D:2      | Reached XP level 4. HP: 23/30 MP: 5/8
  1139 | D:2      | Learned a level 3 spell: Conjure Flame
  1248 | D:2      | Found a shimmering altar of Xom.
  1261 | D:2      | Found a shimmering altar of Xom.
  1262 | D:2      | Found a shimmering altar of Xom.
  1265 | D:2      | Reached skill level 4 in Conjurations
  1450 | D:1      | HP: 1/30 [goblin/dagger[Robin] (6)]
  1451 | D:1      | Slain by Robin

Vault maps used:
D:1:      mrwooster_arrival_statue, minmay_tetromino_o2
D:2:      xom_redecorated, first_ration, uniq_robin, uniq_jessica

Skill      XL: |  1  2  3  4 |
---------------+-------------+-----
Conjurations   | 2 3 4 |  4.1
Translocations | 1 |  1.1
Poison Magic   | 1 |  1.0
Dodging        | |  1.7
Stealth        | |  1.7
Spellcasting   | |  3.0
Summonings     | |  1.0

Action                   |  1- 3 |  4- 6 || total
-------------------------+-------+-------++-------
Melee: Spear             |     3 |       ||     3
       Dagger            |    43 |    18 ||    61
       Headbutt          |     7 |     1 ||     8
 Cast: Magic Dart        |    55 |    27 ||    82
  Use: Potion            |       |     3 ||     3
 Stab: Sleeping          |     1 |       ||     1
  Eat: Chunk             |     1 |     1 ||     2
Armor: Robe              |     9 |     4 ||    13
Dodge: Dodged            |    47 |    16 ||    63

Table legend:
 A = Spawn XP
 B = Non-spawn XP
 C = Spawn XP percentage of total XP
 D = Spawn monster count
 E = Non-spawn monster count
 F = Spawn count percentage of total count
 G = Total turns spent on level
                    A         B        C        D         E        F      G
               +---------+---------+-------+---------+---------+-------+---------
         Total |       0 |     147 |   0.0 |       0 |      50 |   0.0 |  1451
               +---------+---------+-------+---------+---------+-------+---------
           D:1 |       0 |      39 |   0.0 |       0 |      20 |   0.0 |   922
           D:2 |       0 |     108 |   0.0 |       0 |      30 |   0.0 |   529
               +---------+---------+-------+---------+---------+-------+---------
